 Dungeon Crawl Stone Soup version 0.25-a0-861-g340c9e8 (webtiles) character file.

Game seed: 1209459576079630806, levelgen mode: deterministic

138 BlueFish the Insei (level 5, 0/34 HPs)
             Began as an Octopode Transmuter on Apr 30, 2020.
             Slain by a goblin
             ... wielding a +2 dagger of venom
             ... led by Robin
              (6 damage)
             ... on level 2 of the Dungeon.
             The game lasted 00:08:17 (1872 turns).

BlueFish the Insei (Octopode Transmuter)            Turns: 1872, Time: 00:08:18

Health: 0/34       AC:  1    Str: 10    XL:     5   Next: 21%
Magic:  6/8        EV: 13    Int: 15    God:
Gold:   84         SH:  0    Dex: 13    Spells: 2/8 levels left

rFire    . . .     SeeInvis .     - Unarmed
rCold    . . .     Gourm    .   (no shield)
rNeg     . . .     Faith    .   (helmet restricted)
rPois    .         Spirit   .   (no amulet)
rElec    .         Reflect  .   (no ring)
rCorr    .         Harm     .   (no ring)
MR       .....                  (no ring)
Stlth    +++.......             (no ring)
HPRegen  0.11/turn              (no ring)
MPRegen  0.11/turn              (no ring)
                                (no ring)
                                (no ring)

@: lethally poisoned (0 -> -16)
A: almost no armour, stealthy swim, amphibious, 8 rings, constrict 8, camouflage
1, gelatinous body 1
a: no special abilities


You were on level 2 of the Dungeon.
You were hungry.

You visited 1 branch of the dungeon, and saw 2 of its levels.

You collected 84 gold pieces.

Inventory:

Missiles
 a - 28 arrows
Wands
 o - a wand of iceblast (9)
Scrolls
 j - a scroll of identify
 k - a scroll of teleportation {unknown}
 n - a scroll of random uselessness {unknown}
 p - a scroll of blinking {unknown}
 r - a scroll of fear {unknown}
 t - a scroll of fog {unknown}
Potions
 f - a potion of magic {unknown}
 g - a potion of heal wounds
 h - 2 potions of curing
 i - a potion of brilliance {unknown}
 l - a potion of degeneration {unknown}
 m - a potion of resistance {unknown}
 q - a potion of cancellation {unknown}
 s - a potion of stabbing {unknown}
Comestibles
 b - 4 chunks of flesh
 c - 5 rations


   Skills:
 * Level 1.9 Fighting
 * Level 2.3 Dodging
 * Level 2.7 Stealth
 * Level 4.2 Unarmed Combat
 + Level 2.2 Spellcasting
 * Level 2.5 Transmutations
 * Level 0.4 Poison Magic


You had 2 spell levels left.
You knew the following spells:

 Your Spells              Type           Power        Failure   Level  Hunger
a - Beastly Appendage     Tmut           #.....       8%          1    #......
b - Sticks to Snakes      Tmut           #.......     12%         2    ###....
c - Spider Form           Tmut/Pois      #.........   34%         3    ###....

Your spell library contained the following spells:

 Spells                   Type           Power        Failure   Level  Hunger
 Magic Dart               Conj           #...         22%         1    #......
 Blink                    Tloc           N/A          32%         2    ###....
 Call Imp                 Summ           #.......     32%         2    ###....
 Slow                     Hex            #.......     32%         2    ###....
 Mephitic Cloud           Conj/Pois/Air  #.......     52%         3    ###....
 Conjure Flame            Conj/Fire      #.......     54%         3    ###....
 Ice Form                 Ice/Tmut       #.......     78%         4    #####..
 Blade Hands              Tmut           #.........   91%         5    ######.


Dungeon Overview and Level Annotations

Branches:
Dungeon (2/15)

Altars:


Innate Abilities, Weirdness & Mutations

You cannot wear most types of armour.
You are very stealthy in the water. (Stealth+)
You are amphibious.
You can wear up to eight rings at the same time.
You can use your tentacles to constrict eight enemies at once.
Your skin changes colour to match your surroundings (Stealth+).
Your rubbery body absorbs attacks. (AC +1, EV +1)


Message History

* * * LOW HITPOINT WARNING * * *
You feel sick.
Your ball python closely misses the goblin.
Your ball python misses the goblin.
The goblin hits your ball python with a +2 dagger of venom.
Your ball python is poisoned.
As you read the scroll labeled DIEHET DYVURI, it crumbles to dust.
It is a scroll of amnesia.
Really abort (and waste the scroll)?
Okay, then.
* * * LOW HITPOINT WARNING * * *
You feel sick.
Your ball python dies!
As you read the scroll labeled GUADEI QOQILAE, it crumbles to dust.
It is a scroll of identify.
h - 2 potions of curing
* * * LOW HITPOINT WARNING * * *
You feel sick.
The goblin hits you with a +2 dagger of venom.
You die...

# #.####.# #
#(####.# #
#...##.#
#.#.##.#
##.#.##.# ##
#.....(.# .#
#.##.#.## ...
#.##.#.# ###
#.##.#@# #
#)##[#g# #..#
#.##.#g# #..#
#...†(.# ###..#
####)######
..... #...g(gg#
.....
#..###gg.....
.##.# .....#
..###..
.##.#####.###..#
...g


You could see 2 goblins.

Vanquished Creatures
  Robin (D:2)
  A gnoll (D:2)
  4 adders (D:2)
  4 worms (D:2)
  A dart slug (D:2)
  2 leopard geckos (D:2)
  10 goblins
  7 hobgoblins
  6 jackals
  4 quokkas (D:2)
  12 bats
  A frilled lizard (D:2)
  7 kobolds
  5 rats
65 creatures vanquished.

Vanquished Creatures (others)
  4 toadstools (D:1)
4 creatures vanquished.

Grand Total: 69 creatures vanquished

Notes
Turn   | Place    | Note
-------+----------+-------------------------------------------
     0 | D:1      | BlueFish the Octopode Transmuter began the quest for the
                  | Orb.
     0 | D:1      | Reached XP level 1. HP: 13/13 MP: 3/3
   361 | D:1      | Reached XP level 2. HP: 15/18 MP: 3/5
   898 | D:2      | Reached XP level 3. HP: 23/23 MP: 4/6
   899 | D:2      | Reached skill level 1 in Stealth
  1169 | D:2      | Reached XP level 4. HP: 25/28 MP: 7/7
  1173 | D:2      | Learned a level 2 spell: Sticks to Snakes
  1177 | D:2      | Learned a level 3 spell: Spider Form
  1421 | D:2      | Reached skill level 4 in Unarmed Combat
  1745 | D:2      | Reached XP level 5. HP: 32/34 MP: 6/8
  1843 | D:2      | Noticed Robin
  1864 | D:2      | Killed Robin
  1872 | D:2      | Slain by a goblin

Levels and vault maps discovered:
D:1:      ldierk_water_garden, layout_loops_ring, serial_bayou_lagoon_a,
          minmay_unequal
D:2:      minmay_razor_zed, layout_loops_cross, uniq_robin

Skill      XL: |  1  2  3  4 |
---------------+-------------+-----
Stealth        | 1 2 |  2.7
Unarmed Combat | 4 |  4.2
Fighting       | |  1.9
Dodging        | |  2.3
Spellcasting   | |  2.2
Transmutations | |  2.5
Poison Magic   | |  0.4

Action                   |  1- 3 |  4- 6 || total
-------------------------+-------+-------++-------
Melee: Unarmed           |    59 |    76 ||   135
       Constrict         |    17 |    22 ||    39
       Tentacles         |     8 |    10 ||    18
       Kick              |     9 |    11 ||    20
       Punch             |     1 |     1 ||     2
 Cast: Beastly Appendage |    11 |    14 ||    25
       Sticks to Snakes  |       |     1 ||     1
  Use: Scroll            |       |     3 ||     3
       Potion            |       |     1 ||     1
 Stab: Sleeping          |     5 |     9 ||    14
  Eat: Chunk             |     1 |     2 ||     3
Armor: Skin              |     6 |     7 ||    13
Dodge: Dodged            |    47 |    58 ||   105

Table legend:
 A = Non-vault XP
 B = Vault XP
 C = Vault XP percentage of total XP
 D = Non-vault monster count
 E = Vault monster count
 F = Vault count percentage of total count
                 A         B        C        D         E       F
            +---------+---------+-------+---------+---------+-------
      Total |     121 |      77 |  38.9 |      44 |      21 |  32.3
            +---------+---------+-------+---------+---------+-------
        D:1 |      29 |       3 |   9.4 |      18 |       3 |  14.3
        D:2 |      92 |      74 |  44.6 |      26 |      18 |  40.9
            +---------+---------+-------+---------+---------+-------
